 Dungeon Crawl Stone Soup version 0.25-a0-523-g9afb2ee040 (webtiles) character file.

Game seed: 10616827214608854689, levelgen mode: deterministic

18983 Flugslaktarn the Severer (level 12, -21/109 HPs)
             Began as a Deep Dwarf Fighter on Feb 18, 2020.
             Was an Elder of Makhleb.
             Demolished by a white ugly thing (25 damage)
             ... on level 11 of the Dungeon.
             The game lasted 00:06:04 (6539 turns).

Flugslaktarn the Severer (Deep Dwarf Fighter)       Turns: 6539, Time: 00:06:04

Health: -21/109    AC: 19    Str: 27    XL:     12   Next: 32%
Magic:  11/11      EV:  8    Int: 11    God:    Makhleb [****..]
Gold:   198        SH: 12    Dex: 14    Spells: 11/11 levels left

rFire    . . .     SeeInvis +   a - +0 war axe
rCold    . . .     Gourm    .   c - +0 kite shield
rNeg     . . .     Faith    .   l - +0 chain mail
rPois    +         Spirit   .   F - +2 helmet {SInv}
rElec    .         Reflect  .   k - +0 cloak
rCorr    .         Harm     .   (no gloves)
MR       +....                  j - +2 pair of boots
Stlth    ..........             y - amulet of the acrobat
HPRegen  0.00/turn              o - ring of poison resistance
MPRegen  0.12/turn              p - +4 ring of strength

@: non-regenerating
A: damage resistance, heal wounds, thin skeletal structure 1, sense surroundings
2, sturdy frame 1, no regeneration
a: Heal Wounds, Minor Destruction, Lesser Servant of Makhleb, Major Destruction,
Renounce Religion


You were on level 11 of the Dungeon.
You worshipped Makhleb.
Makhleb was greatly pleased with you.
You were not hungry.

You visited 2 branches of the dungeon, and saw 12 of its levels.

You collected 522 gold pieces.
You spent 324 gold pieces at shops.

Inventory:

Hand Weapons
 a - a +0 war axe (weapon)
Armour
 c - a +0 kite shield (worn)
 j - a +2 pair of boots (worn)
   (You found it on level 2 of the Dungeon)
 k - a +0 cloak (worn)
   (You found it on level 2 of the Dungeon)
 l - a +0 chain mail (worn)
   (You took it off an orc on level 3 of the Dungeon)
 F - a +2 helmet of see invisible (worn)
   (You found it on level 11 of the Dungeon)
Jewellery
 i - an uncursed ring of see invisible
   (You found it on level 4 of the Dungeon)
 o - a ring of poison resistance (left hand)
   (You bought it in a shop on level 9 of the Dungeon)
 p - a +4 ring of strength (right hand)
   (You found it on level 8 of the Dungeon)
 y - an amulet of the acrobat (around neck)
   (You found it on level 5 of the Dungeon)
Wands
 C - a wand of iceblast (18)
   (You found it on level 9 of the Dungeon)
Scrolls
 g - 2 scrolls of enchant armour
 h - a scroll of magic mapping
 t - a scroll of teleportation
 z - a scroll of blinking
 D - 6 scrolls of remove curse
Potions
 b - a potion of ambrosia
 d - 3 potions of might
 m - a potion of invisibility
 n - 2 potions of mutation
 q - 2 potions of curing
 r - a potion of cancellation {unknown}
 s - 3 potions of degeneration {unknown}
 u - a potion of lignification
 w - 4 potions of heal wounds
 x - 2 potions of stabbing {unknown}
 E - 2 potions of haste {unknown}
Comestibles
 e - 19 rations
 f - 21 chunks of flesh


   Skills:
 + Level 7.3 Fighting
 * Level 16.5 Axes
 + Level 8.8 Armour
 + Level 8.9 Shields
 + Level 7.4 Invocations


You had 11 spell levels left.
You didn't know any spells.
Your spell library was empty.

Dungeon Overview and Level Annotations

Branches:
Dungeon (11/15)            Temple (1/1) D:4            Lair (0/6) D:9
    Orc (0/2) D:9

Altars:
Ashenzari
Cheibriados
Dithmenos
Elyvilon
Fedhas
Gozag
Hepliaklqana
Kikubaaqudgha
Makhleb
Nemelex Xobeh
Okawaru
Qazlal
Ru
Sif Muna
Trog
Uskayaw
Vehumet
Wu Jian
Xom
Yredelemnul
Zin
The Shining One

Shops:
D:5 ?([   D:7 (:%=   D:9 =

Annotations:
D:10 1 runed translucent door, night's ghost, novice MfIE


Innate Abilities, Weirdness & Mutations

You are resistant to damage.
You can heal yourself by infusing magical energy.
You passively map the area around you.
You do not regenerate.
You have a somewhat thin skeletal structure. (Dex +2, Stealth)
Your movements are slightly less encumbered by armour. (ER -2)


Message History

You are too injured to fight recklessly!
You are too injured to fight recklessly!
You are too injured to fight recklessly!
You are too injured to fight recklessly!
You are too injured to fight recklessly!
You are too injured to fight recklessly!
You barely miss the white ugly thing.
The white ugly thing is severely wounded.
You hit the white ugly thing.
The white ugly thing is severely wounded.
The white ugly thing headbutts you.
* * * LOW HITPOINT WARNING * * *
The white ugly thing freezes you!!
* * * LOW HITPOINT WARNING * * *
You slash the white ugly thing!
The white ugly thing is almost dead.
The white ugly thing headbutts you!
* * * LOW HITPOINT WARNING * * *
The white ugly thing freezes you!!
You die...

.....##.......).# ... , ,* *#
......#.........#,...... , ,.
......#.......... ...... , .
................##......, ,
.............##..#...... ,,, ,
........................ * , ,.
...#.##.....##.........., .
...#######.............. * * #
.........#......@......|.# #.#...
...............##u#......##......
).###..........##.#..............
).#.#..........##................
..............## #.....).........
..............## #...............
#..............####..............
##........<.....##...............
.................###.............


You could see a white ugly thing.

Vanquished Creatures
  Gastronok (D:8)
  Josephine (D:10)
  Fannar (D:11)
  A centaur warrior (D:8)
  2 two-headed ogres (D:8)
  A death yak (D:9)
  Pikel (D:6)
  2 ugly things (D:11)
  A deep elf mage (D:10)
  A cyclops (D:11)
  2 polar bears (D:9)
  A troll (D:10)
  A hornet (D:8)
  2 hippogriffs
  A wyvern (D:8)
  4 wraiths (D:10)
  Eustachio (D:5)
  A vampire (D:8)
  9 yaks
  3 wargs (D:9)
  An acid dragon (D:8)
  Edmund (D:5)
  A water moccasin (D:7)
  A black bear (D:11)
  A slave (D:6)
  3 orc warriors
  8 ice beasts
  5 sky beasts
  A phantom (D:10)
  3 wolves (D:9)
  2 centaurs
  4 ogres
  A crocodile (D:10)
  2 big kobolds
  9 bullfrogs
  A wyvern skeleton (D:7)
  6 scorpions
  7 howler monkeys
  6 crimson imps
  2 centaur zombies
  A quasit (D:10)
  7 orc priests
  A bullfrog zombie (D:11)
  6 hounds
  2 bullfrog skeletons
  2 centaur skeletons
  A gnoll shaman (D:9)
  6 jellies
  15 orc wizards
  4 iguanas
  13 worker ants
  A hound skeleton (D:7)
  A worker ant zombie (D:11)
  9 adders
  17 gnolls
  5 shadow imps
  2 white imps (D:9)
  An ufetubus (D:9)
  2 oozes
  3 adder skeletons
  2 adder zombies
  A dart slug (D:2)
  7 leopard geckos
  34 orcs
  A giant cockroach (D:1)
  A goblin (D:3)
  2 hobgoblins
  12 jackals
  5 quokkas
  4 bats
  4 frilled lizards
  A jackal zombie (D:6)
  10 kobolds
  A quokka simulacrum (D:9)
  A quokka skeleton (D:4)
  A rat (D:3)
288 creatures vanquished.

Vanquished Creatures (collateral kills)
  2 jackals (D:11)
2 creatures vanquished.

Vanquished Creatures (others)
  An orc wizard (D:4)
1 creature vanquished.

Grand Total: 291 creatures vanquished

Notes
Turn   | Place    | Note
-------+----------+-------------------------------------------
     0 | D:1      | Flugslaktarn the Deep Dwarf Fighter began the quest for the
                  | Orb.
     0 | D:1      | Reached XP level 1. HP: 20/20 MP: 1/1
   130 | D:2      | Found a hazy altar of Hepliaklqana.
   131 | D:2      | Found an ancient bone altar of Kikubaaqudgha.
   176 | D:2      | Reached XP level 2. HP: 25/27 MP: 2/2
   384 | D:3      | Reached skill level 3 in Axes
   384 | D:3      | Reached XP level 3. HP: 32/34 MP: 3/3
   446 | D:3      | Found a snail-covered altar of Cheibriados.
   447 | D:3      | Found a sparkling altar of Nemelex Xobeh.
   588 | D:4      | Reached XP level 4. HP: 36/42 MP: 4/4
   620 | D:4      | Reached skill level 4 in Axes
   620 | D:4      | Reached XP level 5. HP: 30/49 MP: 5/5
   746 | D:4      | Found a staircase to the Ecumenical Temple.
   786 | Temple   | Entered the Ecumenical Temple
  1134 | D:4      | Reached XP level 6. HP: 54/56 MP: 5/5
  1375 | D:4      | Found a shadowy altar of Dithmenos.
  1377 | D:4      | Found a stormy altar of Qazlal.
  1377 | D:4      | Found a shimmering altar of Xom.
  1382 | D:4      | Found a shimmering altar of Xom.
  1382 | D:4      | Found a shimmering altar of Xom.
  1382 | D:4      | Found a shimmering altar of Xom.
  1406 | D:5      | Entered Level 5 of the Dungeon
  1413 | D:5      | Reached skill level 5 in Axes
  1504 | D:5      | Reached XP level 7. HP: 60/64 MP: 5/5
  1523 | D:5      | Reached skill level 5 in Armour
  1538 | D:5      | Reached skill level 5 in Shields
  1559 | D:5      | Noticed Edmund
  1588 | D:5      | Killed Edmund
  1588 | D:5      | Reached skill level 6 in Axes
  1625 | D:5      | Found a radiant altar of Vehumet.
  1652 | D:5      | Found an ornate altar of the Wu Jian Council.
  1720 | D:5      | Found Laskilaq's Weapon Shoppe.
  1739 | D:5      | Noticed Eustachio
  1758 | D:5      | Killed Eustachio
  1758 | D:5      | Reached XP level 8. HP: 57/73 MP: 5/5
  1783 | D:5      | Found Wuulor's Magic Scroll Shop.
  1804 | D:5      | Bought a scroll of identify for 24 gold pieces
  1804 | D:5      | Bought a scroll of teleportation for 36 gold pieces
  1804 | D:5      | Bought a scroll of fog for 24 gold pieces
  1814 | D:5      | Reached skill level 14 in Axes
  1814 | D:5      | Gained mutation: You passively map the area around you.
                  | [Deep Dwarf growth]
  1814 | D:5      | Reached XP level 9. HP: 61/79 MP: 6/6
  1949 | D:5      | Found a shattered altar of Ashenzari.
  1965 | D:5      | Found Fughyofe's Antique Armour Shop.
  2207 | D:6      | Gained mutation: Your movements are slightly less
                  | encumbered by armour. (ER -2) [potion of mutation]
  2207 | D:6      | Gained mutation: You have a somewhat thin skeletal
                  | structure. (Dex +2, Stealth) [potion of mutation]
  2280 | D:6      | Noticed Pikel
  2294 | D:6      | Killed Pikel
  2318 | D:6      | Found a burning altar of Makhleb.
  2319 | D:6      | Found a glowing silver altar of Zin.
  2319 | D:6      | Noticed an angel
  2320 | D:6      | Noticed a blizzard demon
  2325 | D:6      | Reached skill level 5 in Fighting
  2327 | D:6      | Became a worshipper of Makhleb the Destroyer
  2663 | D:7      | Reached skill level 1 in Invocations
  2714 | D:7      | Found Xosineor's Jewellery Shop.
  3140 | D:7      | Found Vuwon's Jewellery Shop.
  3274 | D:7      | Found Potaid's Food Shop.
  3329 | D:7      | Found Siff's Antique Weapon Boutique.
  3334 | D:7      | Reached XP level 10. HP: 57/88 MP: 8/8
  3416 | D:7      | Found Meivycoh's Book Shoppe.
  3677 | D:8      | Reached * piety under Makhleb
  3713 | D:8      | Noticed a two-headed ogre
  3728 | D:8      | Killed a two-headed ogre
  3840 | D:8      | Noticed a two-headed ogre
  3857 | D:8      | Killed a two-headed ogre
  3857 | D:8      | Reached skill level 15 in Axes
  3941 | D:8      | Noticed Gastronok
  3964 | D:8      | Killed Gastronok
  3964 | D:8      | Reached XP level 11. HP: 21/97 MP: 7/9
  4002 | D:8      | Reached ** piety under Makhleb
  4167 | D:8      | Found a bloodstained altar of Trog.
  4316 | D:8      | Noticed a centaur warrior
  4335 | D:8      | Killed a centaur warrior
  4345 | D:8      | Reached skill level 5 in Invocations
  4548 | D:9      | Found a staircase to the Lair.
  4598 | D:9      | Found a blossoming altar of Fedhas.
  4675 | D:9      | Noticed a death yak
  4694 | D:9      | Killed a death yak
  4829 | D:9      | Found a staircase to the Orcish Mines.
  4856 | D:9      | Reached *** piety under Makhleb
  5080 | D:9      | Found Ytamuthruich's Jewellery Shop.
  5085 | D:9      | Bought an uncursed ring of poison resistance for 240 gold
                  | pieces
  5099 | D:9      | Found a sacrificial altar of Ru.
  5430 | D:10     | Entered Level 10 of the Dungeon
  5497 | D:10     | Noticed Josephine
  5516 | D:10     | Reached skill level 16 in Axes
  5520 | D:10     | Killed Josephine
  5636 | D:10     | Found a runed translucent door.
  5636 | D:10     | Noticed night's ghost (novice MfIE)
  5707 | D:10     | Noticed a deep elf mage
  5718 | D:10     | Reached XP level 12. HP: 76/106 MP: 11/11
  5890 | D:10     | Reached **** piety under Makhleb
  6274 | D:11     | Noticed Fannar
  6315 | D:11     | Killed Fannar
  6539 | D:11     | HP: 4/109 [white ugly thing (10)]
  6539 | D:11     | Demolished by a white ugly thing

Levels and vault maps discovered:
D:1:      minmay_arrival_stair_chambers, layout_basic
D:2:      layout_loops_cross, overflow_temple_1_default, lemuel_crystal_altar
D:3:      layout_rooms, grunt_temple_overflow_open, first_ration,
          gup_sewer_entry_spiral, st_stairs_6, minmay_misc_feat_columns,
          grunt_qazlal_sundering, uniq_robin, uniq_sigmund, uniq_jessica
D:4:      layout_basic, minmay_temple_entry_arrows, doesnt_xom_only_xom
D:5:      layout_cave_pools, ashenzari_conservatory_becter,
          overflow_temple_1_default, old_standard_altar, serial_gnoll_camp,
          gnoll_camp_mini_shop, gnoll_camp_mini_shop, gnoll_camp_mini_shop,
          gnoll_camp_mini_hut, gnoll_camp_mini_doghouse, uniq_eustachio,
          uniq_edmund
D:6:      layout_rooms, grunt_temple_overflow_order_and_chaos_2, uniq_pikel
D:7:      minmay_skewed_foursquare, layout_loops_corners, serial_shops,
          kennysheep_mini_moat, nicolae_shop_behind_doors, nicolae_shop_stone,
          shop, nicolae_shop_statue_plus
D:8:      minmay_quarter_circles, layout_cave_pools, marbit_many_paths,
          uniq_gastronok
D:9:      layout_basic, fedhas_ov_isle_minmay, nicolae_ru_awakened_eye,
          dpeg_oklobed_lair, minmay_orc_entry_guard_dogs, serial_ice,
          serial_ice_j, serial_ice_c, serial_ice_n, serial_ice_g, serial_ice_o,
          serial_ice_b, serial_ice_a, serial_shops, nicolae_shop_waterfront,
          blue_anna_alchemist [blue_anna_fruit_fields, blue_anna_fruit_fields]
D:10:     layout_basic, hellmonk_ghost_happy_afterlife, moated_statue,
          uniq_josephine
D:11:     layout_cave_pools, lightli_minifort, uniq_fannar
Temple:   nicolae_temple_figure_zero

Skill      XL: |  1  2  3  4  5  6  7  8  9 10 11 12 |
---------------+-------------------------------------+-----
Fighting       | 3 4 5 6 7 |  7.3
Axes           | 3 4 5 6 14 15 16 | 16.5
Armour         | 4 5 6 7 8 |  8.8
Shields        | 4 5 6 7 8 |  8.9
Invocations    | 2 4 6 7 |  7.4

Action                   |  1- 3 |  4- 6 |  7- 9 | 10-12 || total
-------------------------+-------+-------+-------+-------++-------
Melee: War axe           |   103 |   168 |   283 |   706 ||  1260
 Abil: Heal Wounds       |       |     2 |     4 |    15 ||    21
  Use: Scroll            |       |       |    13 |     6 ||    19
       Potion            |       |       |     2 |     1 ||     3
  Eat: Chunk             |       |     3 |     6 |    11 ||    20
Armor: Scale mail        |    37 |       |       |       ||    37
       Chain mail        |    27 |   110 |   120 |   306 ||   563
Dodge: Dodged            |    35 |    39 |    59 |   161 ||   294
Block: Kite shield       |    55 |    88 |   124 |   375 ||   642

Table legend:
 A = Non-vault XP
 B = Vault XP
 C = Vault XP percentage of total XP
 D = Non-vault monster count
 E = Vault monster count
 F = Vault count percentage of total count
                 A         B        C        D         E       F
            +---------+---------+-------+---------+---------+-------
      Total |   12699 |   12938 |  50.5 |     222 |      68 |  23.4
            +---------+---------+-------+---------+---------+-------
        D:1 |       4 |       0 |   0.0 |       3 |       0 |   0.0
        D:2 |      35 |       0 |   0.0 |       9 |       0 |   0.0
        D:3 |      45 |       0 |   0.0 |      11 |       0 |   0.0
        D:4 |     370 |       0 |   0.0 |      22 |       0 |   0.0
        D:5 |     646 |     545 |  45.8 |      22 |      15 |  40.5
        D:6 |     577 |     607 |  51.3 |      14 |       1 |   6.7
        D:7 |    1150 |     176 |  13.3 |      17 |       5 |  22.7
        D:8 |    1781 |    5973 |  77.0 |      24 |      25 |  51.0
        D:9 |    1780 |    2776 |  60.9 |      22 |      16 |  42.1
       D:10 |    3109 |    1880 |  37.7 |      36 |       5 |  12.2
       D:11 |    3202 |     981 |  23.5 |      42 |       1 |   2.3
            +---------+---------+-------+---------+---------+-------
